 Dungeon Crawl Stone Soup version bcrawl-1.39.1 (webtiles) character file.

Game seed: 6119478250698141583

234749 Finalfun the Shooter (level 7, -4/50 HPs)
             Began as a Human Hunter on Sept 20, 2023.
             Was a Follower of Hepliaklqana.
             Slain by an ogre
             ... wielding a +0 giant club
              (12 damage)
             ... on level 5 of the Dungeon.
             The game lasted 00:18:26 (2854 turns).

Finalfun the Shooter (Human Hunter)                 Turns: 2854, Time: 00:18:26

Health: -4/50      AC:  6    Str: 13    XL:     7   Next: 42%
Magic:  7/7        EV: 10    Int: 11    God:    Hepliaklqana [*.....]
Gold:   294        SH:  6    Dex: 15    Spells: 6/6 levels left

rFire    . . .     GDR:     27% a - +0 falchion
rCold    . . .     SeeInvis .   i - +0 buckler
rNeg     . . .     Gourm    .   h - +0 ring mail
rPois    .         Faith    .   j - +0 helmet
rElec    .         Spirit   .   (no cloak)
rCorr    .         Reflect  .   (no gloves)
MR       .....                  (no boots)
Stlth    +.........             l - amulet of magic regeneration
HPRegen  0.18/turn              (no ring)
MPRegen  0.26/turn              (no ring)

@: hasted, very quick
A: reduced essence
a: Recall Ancestor, Ancestor Identity, Renounce Religion


You were on level 5 of the Dungeon.
You worshipped Hepliaklqana.
Hepliaklqana was aware of your devotion.
You were not hungry.

You visited 1 branch of the dungeon, and saw 5 of its levels.

You collected 294 gold pieces.

Inventory:

Hand Weapons
 a - a +0 falchion (weapon)
 b - a +2 shortbow
Missiles
 d - 585 arrows
Armour
 h - a +0 ring mail (worn)
 i - a +0 buckler (worn)
 j - a +0 helmet (worn)
Jewellery
 l - an amulet of magic regeneration (around neck)
Scrolls
 n - a scroll of noise {unknown}
 o - a scroll of fear {unknown}
 p - 3 scrolls of teleportation
 r - 5 scrolls of amnesia
 u - a scroll of blinking {unknown}
 x - 2 scrolls of remove curse
Potions
 c - 4 potions of curing
 f - 2 potions of mutation {unknown}
 g - a potion of degeneration {unknown}
 k - a potion of lignification {unknown}
 m - a potion of haste
 q - a potion of agility {unknown}
 s - 2 potions of berserk rage {unknown}
 t - 3 potions of might
 v - 2 potions of heal wounds {unknown}
 w - a potion of brilliance {unknown}
 z - a potion of experience {unknown}
Comestibles
 e - 9 rations {!d}


   Skills:
 - Level 5.0 Fighting
 - Level 5.0 Long Blades
 - Level 5.0 Bows
 - Level 3.0 Dodging
 - Level 2.0 Stealth
 + Level 0.0 Shields


You had 6 spell levels left.
You didn't know any spells.
Your spell library was empty.

Dungeon Overview and Level Annotations

Branches:
Dungeon (5/12)
 Temple: D:4-7

Altars:
Hepliaklqana
The Shining One

Annotations:
D:4 exclusions: ogre and sky beast


Message History

You slash the ogre!
The ogre is almost dead.
The ogre hits you with a +0 giant club! You block the ogre's attack.
You can't wield that with a shield.
You don't know any spells.
You feel yourself speed up. The ogre hits you with a +0 giant club!
* * * LOW HITPOINT WARNING * * *
You hit the ogre but do no damage.
The ogre is almost dead.
You hit the ogre but do no damage.
The ogre is almost dead.
The ogre closely misses you.
Your shield and ring mail prevent you from hitting the ogre.
The ogre is almost dead.
You hit the ogre.
The ogre is almost dead.
The ogre hits you with a +0 giant club!
You die...

#.# #.# #.#
#.# #.# #.#
#.# ###.###
#@....#
#O#.#.#
#Z#.#.#
#######.#...#
........###.#
######### .#
##


You could see an ogre and a hound zombie.

Vanquished Creatures
  A water moccasin zombie (D:5)
  An orc priest (D:3)
  A crimson imp (D:5)
  An orc wizard (D:3)
  An adder (D:2)
  2 oozes (D:2)
  5 dart slugs
  4 leopard geckos
  5 orcs
  4 giant cockroaches
  2 goblins
  11 hobgoblins
  8 kobolds
  3 quokkas
  2 bats
  2 frilled lizards
  10 rats
63 creatures vanquished.

Vanquished Creatures (collateral kills)
  A bullfrog (D:5)
  2 hounds
  An orc wizard (D:3)
  An iguana (D:4)
  A worker ant (D:4)
  A worker ant zombie (D:5)
  An adder (D:3)
  An adder skeleton (D:4)
  3 worms
  A leopard gecko (D:3)
  5 orcs
  A kobold (D:2)
  A quokka (D:3)
20 creatures vanquished.

Vanquished Creatures (others)
  An ancestor (D:5)
1 creature vanquished.

Grand Total: 84 creatures vanquished

Notes
Turn   | Place    | Note
-------+----------+-------------------------------------------
     0 | D:1      | Finalfun the Human Hunter began the quest for the Orb.
     0 | D:1      | Reached XP level 1. HP: 16/16 MP: 1/1
   126 | D:1      | Reached XP level 2. HP: 22/22 MP: 2/2
   278 | D:1      | Reached skill level 5 in Bows
   288 | D:1      | Reached XP level 3. HP: 27/27 MP: 3/3
   334 | D:1      | Got a heavily runed bronze amulet
   661 | D:2      | Found a hazy altar of Hepliaklqana.
   664 | D:2      | Found a glowing golden altar of the Shining One.
   680 | D:2      | Reached skill level 1 in Long Blades
   682 | D:2      | Became a worshipper of Hepliaklqana the Forgotten
   750 | D:2      | Reached XP level 4. HP: 30/30 MP: 4/4
  1123 | D:2      | Identified the cursed amulet of Nezul {Inacc rPois} (You
                  | found it on level 1 of the Dungeon)
  1245 | D:3      | Reached XP level 5. HP: 36/36 MP: 5/5
  1285 | D:3      | Reached XP level 6. HP: 43/43 MP: 6/6
  1313 | D:3      | Noticed an ogre
  1611 | D:4      | Noticed a sky beast
  1791 | D:3      | Reached * piety under Hepliaklqana
  2150 | D:4      | Noticed an ogre
  2220 | D:5      | Entered Level 5 of the Dungeon
  2392 | D:5      | Reached XP level 7. HP: 32/49 MP: 7/7
  2470 | D:5      | Reached skill level 5 in Fighting
  2548 | D:5      | Reached skill level 5 in Long Blades
  2854 | D:5      | Slain by an ogre

Skill      XL: |  1  2  3  4  5  6  7 |
---------------+----------------------+-----
Stealth        | 2 |  2.0
Bows           | 5 |  5.0
Long Blades    | 1 2 3 4 5 |  5.0
Fighting       | 3 4 5 |  5.0
Dodging        | 3 |  3.0

Action                   |  1- 3 |  4- 6 |  7- 9 || total
-------------------------+-------+-------+-------++-------
Melee: Short sword       |    15 |       |       ||    15
       Falchion          |    21 |    70 |    32 ||   123
 Fire: Shortbow          |    53 |    73 |     9 ||   135
Invok: Ancestor Identity |     1 |       |       ||     1
       Recall Ancestor   |       |     1 |     1 ||     2
  Use: Scroll            |       |     4 |     3 ||     7
       Potion            |       |       |     1 ||     1
 Stab: Sleeping          |     1 |     2 |       ||     3
       Distracted        |       |     1 |       ||     1
  Eat: Chunk             |     2 |     8 |     3 ||    13
Armor: Ring mail         |    18 |    22 |     6 ||    46
       Leather armour    |     1 |       |       ||     1
Dodge: Dodged            |    27 |    38 |    15 ||    80
Block: Buckler           |       |       |     5 ||     5
